[Event "January 9 Early 2024"]
[Site "https://www.chess.com"]
[Date "2024.01.11"]
[Round "11"]
[White "Dinu, Dumitru-Daniel"]
[Black "Arslanov, Shamil"]
[Result "1-0"]
[Board "27"]
[TimeControl "180+1"]
[WhiteFideId "1208403"]
[BlackFideId "4192826"]
[WhiteElo "2508"]
[BlackElo "2608"]
[WhiteTeam "ROU"]
[BlackTeam "RUS"]
[WhiteClock "0:00:30"]
[BlackClock "0:01:01"]

1. e4 d6 2. d4 e5 3. Nf3 Bg4 4. dxe5 Nc6 5. Bb5 Qd7 6. h3 Bh5 7. Bf4 O-O-O 8. exd6 Qe8 9. Qe2 Bxd6 10. Bxd6 Rxd6 11. O-O a6 12. Bxc6 Rxc6 13. Nc3 Nf6 14. Qe3 Kb8 15. Nd4 Rb6 16. e5 Nd7 17. Nd5 Rh6 18. Rfe1 Bg6 19. e6 fxe6 20. Nxe6 Bxc2 21. Ndxc7 Qe7 22. Rac1 Bf5 23. Qf4 Bxe6 24. Nd5+ Ka7 25. Nxe7 Rf6 26. Qd4+ Ka8 27. Rxe6 Rxe6 28. Qxd7 1-0

[Event "January 9 Early 2024"]
[Site "https://www.chess.com"]
[Date "2024.01.11"]
[Round "11"]
[White "Sychev, Klementy"]
[Black "Yurovskykh, Oleksandr"]
[Result "0-1"]
[Board "28"]
[TimeControl "180+1"]
[WhiteFideId "4114060"]
[BlackFideId "14134020"]
[WhiteElo "2783"]
[BlackElo "2659"]
[WhiteTeam "FID"]
[BlackTeam "UKR"]
[WhiteClock "0:00:03"]
[BlackClock "0:01:43"]

1. e4 e6 2. Qe2 c5 3. b3 Nc6 4. Bb2 d6 5. f4 Nf6 6. Nf3 Be7 7. Nc3 O-O 8. O-O-O a6 9. g4 b5 10. g5 Nd7 11. h4 Nb6 12. h5 b4 13. Nb1 a5 14. g6 fxg6 15. hxg6 h6 16. Qh2 Bf6 17. e5 dxe5 18. Nxe5 Nxe5 19. fxe5 Bg5 20. a4 bxa3 21. Nxa3 a4 22. Kb1 axb3 23. cxb3 Bb7 24. Rg1 Be4+ 25. d3 Bd5 26. Qc2 Be3 27. Rg3 Bd4 28. Nc4 Nd7 29. Bg2 Qb8 30. Be4 Bxe4 31. dxe4 Nxe5 32. Nxe5 Qxe5 33. Rg2 Rfb8 34. Rd3 Bxb2 35. Qxb2 Qxe4 36. Qc3 Qxg2 0-1

[Event "January 9 Early 2024"]
[Site "https://www.chess.com"]
[Date "2024.01.11"]
[Round "11"]
[White "Franchini, Gabriele"]
[Black "Osinovsky, Stepan"]
[Result "1-0"]
[Board "29"]
[TimeControl "180+1"]
[WhiteFideId "806790"]
[BlackFideId "4157354"]
[WhiteElo "2261"]
[BlackElo "2401"]
[WhiteTeam "ITA"]
[BlackTeam "RUS"]
[WhiteClock "0:01:34"]
[BlackClock "0:00:10"]

1. e4 e5 2. Nf3 Nc6 3. d4 exd4 4. Nxd4 Bc5 5. Nb3 Bb6 6. Nc3 Nf6 7. Qe2 O-O 8. Bg5 h6 9. Bh4 a5 10. a4 Nd4 11. Qd3 Nxb3 12. cxb3 Re8 13. O-O-O c6 14. Qc2 Qe7 15. Bc4 Qe5 16. Bg3 Qg5+ 17. Kb1 d5 18. f4 Qg6 19. exd5 Bf5 20. Bd3 Bxd3 21. Qxd3 Qxd3+ 22. Rxd3 Nxd5 23. Nxd5 cxd5 24. Rxd5 Re2 25. Re1 Rae8 26. Rxe2 Rxe2 27. Rb5 Bd4 28. Rxb7 Rxb2+ 29. Kc1 Rxg2 30. b4 1-0

[Event "January 9 Early 2024"]
[Site "https://www.chess.com"]
[Date "2024.01.11"]
[Round "11"]
[White "Mirzoev, Azer"]
[Black "Szpar, Milosz"]
[Result "1-0"]
[Board "30"]
[TimeControl "180+1"]
[WhiteFideId "13400304"]
[BlackFideId "1184989"]
[WhiteElo "2671"]
[BlackElo "2827"]
[WhiteTeam "AZE"]
[BlackTeam "POL"]
[WhiteClock "0:00:34"]
[BlackClock "0:01:10"]

1. d4 d5 2. Nf3 c5 3. e3 Nf6 4. c3 Qc7 5. Nbd2 g6 6. Be2 Bg7 7. O-O O-O 8. b3 Nbd7 9. Bb2 b6 10. Rc1 Bb7 11. c4 dxc4 12. Nxc4 Rac8 13. dxc5 Nxc5 14. Be5 Qc6 15. Qc2 Ne6 16. Qb2 Qe4 17. Ncd2 Qf5 18. h3 g5 19. Rxc8 Rxc8 20. Rc1 Rd8 21. Nf1 h5 22. Ng3 Qg6 23. Nd4 Ne4 24. Nxe6 Rd2 25. Qxd2 Nxd2 26. Nxg7 f6 27. N7f5 Qe8 28. Rc7 fxe5 29. Rxb7 h4 30. Nxe7+ Kf8 31. Ngf5 1-0

[Event "January 9 Early 2024"]
[Site "https://www.chess.com"]
[Date "2024.01.11"]
[Round "11"]
[White "Halkias, Stelios"]
[Black "Antunez Soler, Luis"]
[Result "1-0"]
[Board "31"]
[TimeControl "180+1"]
[WhiteFideId "4201809"]
[BlackFideId "3513335"]
[WhiteElo "2728"]
[BlackElo "2596"]
[WhiteTeam "GRE"]
[BlackTeam "CUB"]
[WhiteClock "0:01:17"]
[BlackClock "0:00:12"]

1. Nf3 d5 2. d4 Nf6 3. c4 c6 4. Nc3 dxc4 5. a4 Bf5 6. Ne5 Nbd7 7. Nxc4 Qc7 8. g3 e5 9. dxe5 Nxe5 10. Bf4 Nfd7 11. Bg2 g5 12. Bxe5 Nxe5 13. Qd4 f6 14. Ne3 Bg6 15. a5 Qd6 16. Qa4 Qb4 17. Qa2 Bf7 18. Qb1 Bg6 19. Qc1 Bc5 20. O-O O-O 21. Ra4 Qb3 22. Be4 f5 23. Bb1 Bxe3 24. Qxe3 Nc4 25. Rxc4 f4 26. Qc5 b6 27. Qxc6 Rac8 28. Qd5+ Bf7 29. Qxg5+ 1-0

[Event "January 9 Early 2024"]
[Site "https://www.chess.com"]
[Date "2024.01.11"]
[Round "11"]
[White "Zhukov, Maksim"]
[Black "Joubert, Dantelle"]
[Result "1-0"]
[Board "32"]
[TimeControl "180+1"]
[WhiteFideId "34181790"]
[BlackFideId "14310813"]
[WhiteElo "2305"]
[BlackElo "2061"]
[WhiteTeam "RUS"]
[BlackTeam "RSA"]
[WhiteClock "0:01:45"]
[BlackClock "0:00:17"]

1. e4 e5 2. Nf3 Nc6 3. d4 exd4 4. Bc4 Bc5 5. c3 d3 6. Qxd3 d6 7. Bg5 Nf6 8. e5 dxe5 9. Qxd8+ Nxd8 10. Nxe5 Be6 11. Bxe6 Nxe6 12. Bxf6 gxf6 13. Nd3 Bb6 14. Na3 O-O-O 15. O-O-O c6 16. Kc2 Rhg8 17. g3 Rg4 18. f3 Rg5 19. Nc4 Bc7 20. Rhe1 h5 21. f4 Rgd5 22. Ne3 R5d7 23. Nf2 Rxd1 24. Rxd1 h4 25. Rxd8+ Kxd8 26. Ne4 hxg3 27. hxg3 Bb6 28. Nf5 Nc5 29. Nxf6 Ne6 30. Ne4 Kc7 31. Nfd6 Nd8 32. b4 a5 33. a3 axb4 34. cxb4 Bd4 35. Kd3 Bg7 36. g4 b5 37. Ne8+ 1-0

[Event "January 9 Early 2024"]
[Site "https://www.chess.com"]
[Date "2024.01.11"]
[Round "11"]
[White "Fernandez Hernandez, Gerardo"]
[Black "Gutierrez Carmona, Juan Alejandro"]
[Result "1-0"]
[Board "33"]
[TimeControl "180+1"]
[WhiteFideId "2207400"]
[BlackFideId "5106770"]
[WhiteElo "2302"]
[BlackElo "2180"]
[WhiteTeam "ESP"]
[BlackTeam "MEX"]
[WhiteClock "0:01:10"]
[BlackClock "0:00:11"]

1. e4 e5 2. Nf3 Nc6 3. d4 exd4 4. Bc4 Nf6 5. e5 d5 6. Bb5 Ne4 7. Nxd4 Bd7 8. Bxc6 bxc6 9. O-O Bc5 10. f3 Ng5 11. f4 Ne4 12. Be3 Bb6 13. Nd2 Nxd2 14. Qxd2 c5 15. Nf3 d4 16. Bf2 Bc6 17. Bh4 Qd5 18. Rad1 Qxa2 19. b3 Qa5 20. Qd3 Bb5 21. Qe4 O-O 22. Ng5 g6 23. Rf3 c4 24. Nxh7 Kxh7 25. Bf6 Rh8 26. Rh3+ 1-0

[Event "January 9 Early 2024"]
[Site "https://www.chess.com"]
[Date "2024.01.11"]
[Round "11"]
[White "Kleibel, Uwe"]
[Black "Pinheiro, Iung Alicio de O."]
[Result "0-1"]
[Board "34"]
[TimeControl "180+1"]
[WhiteFideId "1270982"]
[BlackFideId "2104350"]
[WhiteElo "2375"]
[BlackElo "2574"]
[WhiteTeam "GER"]
[BlackTeam "BRA"]
[WhiteClock "0:00:54"]
[BlackClock "0:00:37"]

1. e4 e5 2. Nf3 Nc6 3. d4 exd4 4. Nxd4 Qf6 5. Nxc6 dxc6 6. Nc3 Bc5 7. Qe2 Bd4 8. Bd2 Be6 9. f3 Ne7 10. O-O-O O-O-O 11. h4 h6 12. Kb1 Qe5 13. a3 g5 14. Qe1 Ng6 15. hxg5 hxg5 16. Rxh8 Rxh8 17. Bd3 Nf4 18. g3 Nxd3 19. cxd3 Bb3 20. Rc1 Rh2 21. f4 gxf4 22. gxf4 Qg7 23. Be3 Qg2 24. Nd1 Bxe3 25. Qb4 c5 26. Qxb3 Bxc1 27. Qxf7 Qc2+ 0-1

[Event "January 9 Early 2024"]
[Site "https://www.chess.com"]
[Date "2024.01.11"]
[Round "11"]
[White "Morales Garcia, Sergio Joshafatt"]
[Black "Onufrienko, Vladislav"]
[Result "0-1"]
[Board "35"]
[TimeControl "180+1"]
[WhiteFideId "5106249"]
[BlackFideId "13804332"]
[WhiteElo "2455"]
[BlackElo "2604"]
[WhiteTeam "MEX"]
[BlackTeam "KGZ"]
[WhiteClock "0:00:06"]
[BlackClock "0:01:18"]

1. d4 d5 2. c4 c6 3. Nf3 e6 4. Qc2 f5 5. e3 Nf6 6. Nc3 Bd6 7. Bd3 O-O 8. O-O b6 9. b3 Bb7 10. Bb2 Nbd7 11. Nd2 c5 12. cxd5 Nxd5 13. Nxd5 Bxd5 14. e4 fxe4 15. Bxe4 Rc8 16. Bxd5 exd5 17. Qd3 Qh4 18. g3 Qh5 19. Rae1 Nf6 20. Kg2 Rce8 21. dxc5 Rxe1 22. Rxe1 Ng4 23. Nf3 Bxc5 24. h3 Nxf2 25. Re5 Qxh3+ 26. Kg1 Nxd3+ 0-1

[Event "January 9 Early 2024"]
[Site "https://www.chess.com"]
[Date "2024.01.11"]
[Round "11"]
[White "Haug, Havard"]
[Black "Vestby-Ellingsen, Mads"]
[Result "1/2-1/2"]
[Board "36"]
[TimeControl "180+1"]
[WhiteFideId "1547887"]
[BlackFideId "1520857"]
[WhiteElo "2778"]
[BlackElo "2650"]
[WhiteTeam "NOR"]
[BlackTeam "NOR"]
[WhiteClock "0:00:49"]
[BlackClock "0:00:58"]

1. e4 e5 2. Nc3 Nf6 3. Bc4 Bb4 4. Nge2 O-O 5. d3 d5 6. exd5 Nxd5 7. Bxd5 Qxd5 8. O-O Qc6 9. f4 exf4 10. Bxf4 Bg4 11. Qd2 Bxe2 12. Qxe2 Bxc3 13. bxc3 Qxc3 14. Be5 Qc6 15. Qg4 f6 16. Bxf6 Rxf6 17. Rxf6 Qxf6 18. Qc8+ Qf8 19. Qxb7 Nd7 20. Qd5+ Kh8 21. Qxd7 Qc5+ 22. Kh1 Qxc2 23. Re1 Qxa2 24. Qxc7 Qd5 25. h3 a5 26. Re7 Rg8 27. Re5 Qxd3 28. Qxa5 Qd1+ 29. Re1 Qd8 30. Qa1 Re8 31. Rf1 Qe7 32. Qd1 h6 33. Qf3 Qe4 34. Qxe4 Rxe4 35. Kh2 Rd4 36. Rh1 Rc4 37. Rg1 Rd4 38. Rh1 Rc4 39. Rg1 Rd4 40. Rc1 Re4 41. Rd1 Rc4 42. Rg1 1/2-1/2

[Event "January 9 Early 2024"]
[Site "https://www.chess.com"]
[Date "2024.01.11"]
[Round "11"]
[White "Zhigalko, Sergei"]
[Black "Molina, Roberto Junio Brito"]
[Result "1-0"]
[Board "37"]
[TimeControl "180+1"]
[WhiteFideId "13502956"]
[BlackFideId "2109450"]
[WhiteElo "2918"]
[BlackElo "2804"]
[WhiteTeam "BLR"]
[BlackTeam "BRA"]
[WhiteClock "0:00:17"]
[BlackClock "0:01:16"]

1. e4 c6 2. d4 d5 3. e5 Bf5 4. Nf3 e6 5. Be2 Nd7 6. O-O Bg6 7. Nbd2 Nh6 8. a4 Nf5 9. a5 Be7 10. g4 Nh4 11. Nxh4 Bxh4 12. f4 f5 13. exf6 Bxf6 14. Nb3 O-O 15. g5 Be7 16. Bg4 Bf5 17. Re1 g6 18. Rxe6 Bxe6 19. Bxe6+ Kh8 20. Qg4 Nb8 21. Nc5 Qc7 22. Bd2 Na6 23. Nd7 Bd6 24. Rf1 Bb4 25. c3 Bd6 26. b4 b6 27. axb6 axb6 28. Nxf8 Rxf8 29. Kg2 c5 30. b5 Nb8 31. Bxd5 cxd4 32. cxd4 Qc2 33. Rf2 Qd3 34. Qe6 Qxd4 35. Qxd6 1-0

[Event "January 9 Early 2024"]
[Site "https://www.chess.com"]
[Date "2024.01.11"]
[Round "11"]
[White "Lopusiewicz, Piotr"]
[Black "Kislinsky, Alexey"]
[Result "0-1"]
[Board "38"]
[TimeControl "180+1"]
[WhiteFideId "1116029"]
[BlackFideId "14108801"]
[WhiteElo "2472"]
[BlackElo "2713"]
[WhiteTeam "POL"]
[BlackTeam "CZE"]
[WhiteClock "0:00:26"]
[BlackClock "0:01:25"]

1. d4 Nf6 2. c4 g6 3. Nc3 d5 4. Nf3 Bg7 5. h4 dxc4 6. e4 c5 7. d5 b5 8. h5 b4 9. h6 Bf8 10. Na4 Nxe4 11. Bxc4 Nd6 12. Be2 e6 13. Nxc5 Qc7 14. Qd4 Rg8 15. dxe6 fxe6 16. Bf4 Nf5 17. Bxc7 Nxd4 18. Nxd4 Bxc5 19. Bf3 Bxd4 20. Bxa8 Bxb2 21. Rd1 Bc3+ 22. Ke2 Nd7 23. Bc6 Ke7 24. Bd6+ Kf7 25. Ke3 Nf6 26. f3 a5 27. Bc7 Ba6 28. Bxa5 Rc8 29. Bd7 Rc4 30. Ba4 Nd5+ 31. Kf2 Bd4+ 32. Kg3 Be5+ 33. Kf2 Rc5 34. Bd8 Bc4 35. Bb3 Bxb3 36. axb3 Rc2+ 37. Kg1 Ne3 0-1

[Event "January 9 Early 2024"]
[Site "https://www.chess.com"]
[Date "2024.01.11"]
[Round "11"]
[White "Mirza, Diana"]
[Black "Sava, Ana-Maria"]
[Result "0-1"]
[Board "39"]
[TimeControl "180+1"]
[WhiteFideId "2503999"]
[BlackFideId "1213504"]
[WhiteElo "2003"]
[BlackElo "1851"]
[WhiteTeam "IRL"]
[BlackTeam "ROU"]
[WhiteClock "0:00:30"]
[BlackClock "0:01:19"]

1. e4 e5 2. Nf3 Nf6 3. Nc3 d6 4. Bc4 Be7 5. O-O O-O 6. d4 exd4 7. Nxd4 Nc6 8. Nf5 Bxf5 9. exf5 Ne5 10. Bb3 c6 11. Bf4 Qc7 12. Re1 Rad8 13. Qe2 Nfd7 14. Ne4 Kh8 15. Ng5 Bxg5 16. Bxg5 f6 17. Bf4 d5 18. Bxd5 cxd5 19. c3 Qb6 20. Rad1 Nc5 21. Bxe5 fxe5 22. Qxe5 Qxb2 23. Rxd5 Rxd5 24. Qxd5 Qxc3 25. Rd1 Qc2 26. h4 h6 27. Qd6 Qxf5 28. Kh1 Qxf2 29. Qe7 Qf5 30. Rc1 Ne4 31. Qxb7 Nf2+ 32. Kg1 Nd3 33. Rc7 Qf2+ 34. Kh2 Qxh4+ 35. Kg1 Qe1+ 36. Kh2 Qe5+ 37. Kg1 Qe3+ 38. Kh2 Qf4+ 39. Kg1 Qf2+ 40. Kh2 Qh4+ 41. Kg1 Rf1+ 42. Kxf1 Qf2# 0-1

[Event "January 9 Early 2024"]
[Site "https://www.chess.com"]
[Date "2024.01.11"]
[Round "11"]
[White "Viana, Valeria"]
[Black "Modric, Nesa"]
[Result "1-0"]
[Board "40"]
[TimeControl "180+1"]
[WhiteFideId "8407100"]
[BlackFideId "922579"]
[WhiteElo "2054"]
[BlackElo "2145"]
[WhiteTeam "HON"]
[BlackTeam "SRB"]
[WhiteClock "0:00:26"]
[BlackClock "0:01:16"]

1. e4 c6 2. d4 d5 3. e5 Bf5 4. g4 Bg6 5. Ne2 e6 6. Nf4 Be7 7. Nxg6 hxg6 8. Qf3 Bg5 9. Nd2 Ne7 10. Nb3 a5 11. Bxg5 b6 12. a4 Nd7 13. Bd3 O-O 14. h4 f6 15. exf6 gxf6 16. Bh6 Rf7 17. Qe2 e5 18. dxe5 Nxe5 19. O-O-O c5 20. Bb5 d4 21. f4 N5c6 22. Bc4 Nd5 23. Qg2 Ncb4 24. f5 gxf5 25. gxf5+ Kh7 26. Qg6+ Kh8 27. Qxf7 Qg8 28. Bxd5 Nxd5 29. Qxg8+ Rxg8 30. Rhg1 Re8 31. c4 Nb4 32. Bg7+ Kh7 33. Bxf6 Re3 34. Rg7+ Kh6 35. Rg6+ Kh5 36. Rg5+ Kh6 37. Rg6+ Kh5 38. Rdg1 Rxb3 39. R1g5+ Kxh4 40. Rh6# 1-0

[Event "January 9 Early 2024"]
[Site "https://www.chess.com"]
[Date "2024.01.11"]
[Round "11"]
[White "Giri, Anish"]
[Black "Kazakouski, Valery"]
[Result "1-0"]
[Board "41"]
[TimeControl "180+1"]
[WhiteFideId "24116068"]
[BlackFideId "13507443"]
[WhiteElo "2992"]
[BlackElo "2838"]
[WhiteTeam "NED"]
[BlackTeam "LTU"]
[WhiteClock "0:00:20"]
[BlackClock "0:01:02"]

1. e4 c5 2. Nf3 a6 3. c3 d5 4. exd5 Qxd5 5. d4 Bg4 6. Be2 Nf6 7. h3 Bh5 8. O-O e6 9. Be3 cxd4 10. Nxd4 Bxe2 11. Qxe2 Be7 12. Nd2 O-O 13. Rfd1 Nbd7 14. N2f3 Rac8 15. Nb3 Qh5 16. Nfd4 Qg6 17. Bf4 Nd5 18. Bh2 Rfd8 19. Nf3 h6 20. Rxd5 exd5 21. Qxe7 Nf6 22. Ne5 Qh5 23. Qxb7 Re8 24. Re1 a5 25. g4 Qxh3 26. Qxf7+ Kh7 27. Re3 Qh4 28. Nd4 Ne4 29. Qf5+ Kg8 30. Ng6 Qd8 31. f3 Nf6 32. Rxe8+ Qxe8 33. Qxc8 1-0

[Event "January 9 Early 2024"]
[Site "https://www.chess.com"]
[Date "2024.01.11"]
[Round "11"]
[White "Demin, Vladimir"]
[Black "Fernandez Garcia, Gumersindo"]
[Result "0-1"]
[Board "42"]
[TimeControl "180+1"]
[WhiteFideId "4167457"]
[BlackFideId "24516740"]
[WhiteElo "2571"]
[BlackElo "2420"]
[WhiteTeam "RUS"]
[BlackTeam "ESP"]
[WhiteClock "0:00:51"]
[BlackClock "0:00:48"]

1. d4 d5 2. Nc3 Nf6 3. Bf4 c6 4. e3 Bf5 5. f3 h6 6. g4 Bg6 7. h4 e6 8. Bd3 Bxd3 9. Qxd3 Bd6 10. Nge2 Bxf4 11. Nxf4 Nbd7 12. O-O-O Qc7 13. g5 Ng8 14. g6 Nf8 15. gxf7+ Qxf7 16. Na4 b6 17. Qa6 Rd8 18. c4 Ng6 19. Nxg6 Qxg6 20. c5 Ne7 21. cxb6 axb6 22. Qxb6 O-O 23. Nc5 Nf5 24. Rdg1 Qf7 25. Qxc6 Rc8 26. Qb6 Nxe3 27. b3 Nf5 28. Rg4 Ne3 29. Rgg1 Nf5 30. Rd1 Qf6 31. Qb4 e5 32. Kb2 Nxd4 33. Rxd4 exd4 34. Nd7 Qxf3 35. Nxf8 Qg2+ 0-1

[Event "January 9 Early 2024"]
[Site "https://www.chess.com"]
[Date "2024.01.11"]
[Round "11"]
[White "Parfenov, Viktor N."]
[Black "Filippova, Margarita"]
[Result "1/2-1/2"]
[Board "43"]
[TimeControl "180+1"]
[WhiteFideId "4165969"]
[BlackFideId "34199680"]
[WhiteElo "2493"]
[BlackElo "2348"]
[WhiteTeam "RUS"]
[BlackTeam "RUS"]
[WhiteClock "0:01:17"]
[BlackClock "0:00:22"]

1. d4 d5 2. c4 e6 3. Nc3 c6 4. e4 dxe4 5. Nxe4 Nd7 6. Nf3 Ngf6 7. Nxf6+ Nxf6 8. Bd3 c5 9. dxc5 Bxc5 10. O-O O-O 11. a3 a5 12. Bg5 h6 13. Bh4 b6 14. Qe2 Bb7 15. Rad1 Qe7 16. Ne5 Rfd8 17. Bc2 Rxd1 18. Rxd1 Rd8 19. h3 Rxd1+ 20. Qxd1 Qd6 21. Qxd6 Bxd6 22. Bxf6 gxf6 23. Nd7 Be5 24. b4 axb4 25. axb4 Bd4 26. c5 bxc5 27. Nxc5 Bc6 28. Be4 Bxc5 29. Bxc6 Bxb4 30. g3 f5 31. Kg2 Kg7 32. Be8 Kf6 33. h4 Bc5 34. f4 Be7 35. Kf3 Kg7 36. Kg2 Bf6 37. Kf3 Be7 38. Kg2 Bf6 39. Kf3 Be7 1/2-1/2

[Event "January 9 Early 2024"]
[Site "https://www.chess.com"]
[Date "2024.01.11"]
[Round "11"]
[White "Gonzalez Vega, Alejandro"]
[Black "Nowak, Lukasz"]
[Result "1-0"]
[Board "44"]
[TimeControl "180+1"]
[WhiteFideId "3510042"]
[BlackFideId "1166760"]
[WhiteElo "2254"]
[BlackElo "2023"]
[WhiteTeam "CUB"]
[BlackTeam "POL"]
[WhiteClock "0:00:58"]
[BlackClock "0:00:01"]

1. e4 e6 2. Nf3 d5 3. e5 c5 4. b4 cxb4 5. d4 Nc6 6. a3 Bd7 7. axb4 Bxb4+ 8. c3 Bf8 9. Bd3 Nge7 10. O-O Ng6 11. Ng5 Be7 12. f4 h6 13. Nxf7 Kxf7 14. Qh5 Kg8 15. Bxg6 Be8 16. f5 exf5 17. Qxf5 Qd7 18. e6 Qd8 19. Bf7+ Bxf7 20. exf7+ Kf8 21. Ba3 Bxa3 22. Nxa3 Qg5 23. Qd7 Rb8 24. Rae1 1-0

[Event "January 9 Early 2024"]
[Site "https://www.chess.com"]
[Date "2024.01.11"]
[Round "11"]
[White "Zou, Chen"]
[Black "Trost, Edvin"]
[Result "0-1"]
[Board "45"]
[TimeControl "180+1"]
[WhiteFideId "8610959"]
[BlackFideId "1729519"]
[WhiteElo "2800"]
[BlackElo "2652"]
[WhiteTeam "CHN"]
[BlackTeam "SWE"]
[WhiteClock "0:01:51"]
[BlackClock "0:00:17"]

1. e3 b6 2. Be2 Bb7 3. Bf3 Nc6 4. Ne2 Nf6 5. d3 e5 6. Nd2 d5 7. g3 h5 8. h3 Bc5 9. Bg2 Qe7 10. c3 O-O-O 11. Qc2 Kb8 12. b3 Rhe8 13. a3 d4 14. cxd4 exd4 15. e4 g5 16. Bb2 Ne5 17. b4 Ba6 18. Nc1 Bd6 19. Ndb3 c5 20. bxc5 bxc5 21. Rb1 g4 22. h4 Ka8 23. Na5 Rb8 24. O-O Qc7 25. Nc4 Bxc4 26. dxc4 Nf3+ 27. Bxf3 gxf3 28. e5 Rxe5 29. Nd3 Re2 30. Qc1 Bxg3 31. Qg5 Bxf2+ 32. Kh1 Be3 33. Qe5 Qxe5 34. Nxe5 Rexb2 35. Rxb2 Rxb2 36. Rxf3 Ng4 37. Nxg4 Rb1+ 38. Kg2 hxg4 39. Rxf7 Rg1+ 40. Kh2 g3+ 41. Kh3 g2 42. h5 Rf1 43. Kh2 Rxf7 44. Kh3 g1=Q 45. h6 Rh7 46. Kh4 Bxh6 47. Kh5 Qg8 0-1

[Event "January 9 Early 2024"]
[Site "https://www.chess.com"]
[Date "2024.01.11"]
[Round "11"]
[White "Sofronie, Claudia-Ramona"]
[Black "Poddubnyi, Viktor"]
[Result "0-1"]
[Board "46"]
[TimeControl "180+1"]
[WhiteFideId "1205722"]
[BlackFideId "4141989"]
[WhiteElo "2272"]
[BlackElo "2424"]
[WhiteTeam "ROU"]
[BlackTeam "RUS"]
[WhiteClock "0:00:37"]
[BlackClock "0:00:42"]

1. d4 g6 2. e4 Bg7 3. c4 Nc6 4. Nf3 e5 5. d5 Nd4 6. Nxd4 exd4 7. Bd3 d6 8. O-O Nf6 9. b3 c5 10. dxc6 bxc6 11. Ba3 O-O 12. e5 dxe5 13. Bxf8 Qxf8 14. Nd2 Ne8 15. Qf3 Bd7 16. Qe2 f5 17. f3 c5 18. Rfe1 Nd6 19. a3 Bc6 20. b4 cxb4 21. axb4 e4 22. fxe4 fxe4 23. Nxe4 Nxe4 24. Bxe4 d3 25. Bxd3 Bxa1 26. Rxa1 Re8 27. Qd2 Qd6 28. c5 Qd4+ 29. Kh1 Qxa1+ 30. Bf1 Qxf1# 0-1

[Event "January 9 Early 2024"]
[Site "https://www.chess.com"]
[Date "2024.01.11"]
[Round "11"]
[White "Matthes, Aaron"]
[Black "Nouali, Mohamed"]
[Result "0-1"]
[Board "47"]
[TimeControl "180+1"]
[WhiteFideId "16227310"]
[BlackFideId "5502462"]
[WhiteElo "2401"]
[BlackElo "2576"]
[WhiteTeam "GER"]
[BlackTeam "TUN"]
[WhiteClock "0:00:11"]
[BlackClock "0:01:14"]

1. Nf3 Nf6 2. g3 g6 3. Bg2 Bg7 4. O-O O-O 5. d4 d6 6. b3 c5 7. Bb2 Ne4 8. Nbd2 Bf5 9. Nh4 d5 10. Nxf5 gxf5 11. Nf3 Nc6 12. e3 e6 13. c3 a5 14. Qe2 a4 15. bxa4 Rxa4 16. Qb5 Ra7 17. dxc5 Qa5 18. Qb3 Nxc5 19. Qc2 Qa4 20. Qd2 Ne4 21. Qd3 Rfa8 22. Nd4 Ne5 23. Qd1 Nc4 24. Bxe4 fxe4 25. Rb1 Qxd1 26. Rfxd1 Rxa2 27. Ba1 Nd2 28. Rbc1 Bxd4 29. cxd4 Nb3 30. Rc7 Rxa1 31. Rxa1 Rxa1+ 32. Kg2 Nd2 33. Rxb7 Nf3 34. h4 h5 35. g4 Rg1+ 36. Kh3 hxg4# 0-1

[Event "January 9 Early 2024"]
[Site "https://www.chess.com"]
[Date "2024.01.11"]
[Round "11"]
[White "Albuquerque Junior,Wellington S."]
[Black "Clawitter, Craig"]
[Result "1-0"]
[Board "48"]
[TimeControl "180+1"]
[WhiteFideId "2151480"]
[BlackFideId "2023105"]
[WhiteElo "2370"]
[BlackElo "2228"]
[WhiteTeam "BRA"]
[BlackTeam "USA"]
[WhiteClock "0:01:28"]
[BlackClock "0:00:05"]

1. c4 e6 2. g3 Nf6 3. Bg2 d5 4. Nf3 Be7 5. O-O O-O 6. b3 d4 7. e3 c5 8. exd4 cxd4 9. Re1 Nc6 10. Ne5 Nxe5 11. Rxe5 Bd6 12. Re1 e5 13. Ba3 Re8 14. d3 Bg4 15. f3 Bf5 16. Qd2 h6 17. Bxd6 Qxd6 18. b4 a5 19. b5 Nd7 20. Bf1 Nc5 21. Qc2 Qg6 22. Rd1 h5 23. Kf2 Qf6 24. Kg2 b6 25. Nd2 h4 26. Ne4 Bxe4 27. fxe4 hxg3 28. hxg3 Re6 29. Qf2 Qg5 30. Qf5 Qxf5 31. exf5 Rf6 32. g4 g6 33. fxg6 Rxg6 34. Be2 f5 35. Rf1 fxg4 36. Rf5 Re8 37. Raf1 e4 38. dxe4 Nxe4 39. Bd3 Rge6 40. R1f4 g3 41. Rg4+ Kh7 42. Bxe4 Rxe4 43. Rh5# 1-0

[Event "January 9 Early 2024"]
[Site "https://www.chess.com"]
[Date "2024.01.11"]
[Round "11"]
[White "Wagner, Dennis"]
[Black "Estrada Nieto, Julian"]
[Result "1-0"]
[Board "49"]
[TimeControl "180+1"]
[WhiteFideId "24650684"]
[BlackFideId "5101018"]
[WhiteElo "2742"]
[BlackElo "2605"]
[WhiteTeam "GER"]
[BlackTeam "ESP"]
[WhiteClock "0:00:18"]
[BlackClock "0:00:54"]

1. c4 e5 2. Nc3 Nf6 3. Nf3 Nc6 4. g3 d5 5. cxd5 Nxd5 6. Bg2 Nb6 7. O-O Be7 8. Rb1 a5 9. b3 O-O 10. Bb2 f5 11. d3 Bf6 12. e4 f4 13. Nb5 fxg3 14. hxg3 Bg4 15. Qc2 Qd7 16. a3 Rac8 17. Qc5 Qe6 18. Nxc7 Rxc7 19. Qxb6 Rcf7 20. Nh2 Bh3 21. f3 Bg5 22. Bc1 Bxg2 23. Kxg2 Bxc1 24. Rbxc1 Qd6 25. Qb5 Qxa3 26. Ng4 Qb2+ 27. Kh3 Rxf3 28. Qd5+ Kh8 29. Rxf3 Rxf3 30. Rxc6 Rf8 31. Nxe5 bxc6 32. Nf7+ Kg8 33. Nh6+ Kh8 34. Qg8+ Rxg8 35. Nf7# 1-0

[Event "January 9 Early 2024"]
[Site "https://www.chess.com"]
[Date "2024.01.11"]
[Round "11"]
[White "Ambartsumova, Karina"]
[Black "Lopez Idarraga, Daniel Eduardo"]
[Result "0-1"]
[Board "50"]
[TimeControl "180+1"]
[WhiteFideId "4166299"]
[BlackFideId "4405501"]
[WhiteElo "2573"]
[BlackElo "2434"]
[WhiteTeam "RUS"]
[BlackTeam "COL"]
[WhiteClock "0:00:06"]
[BlackClock "0:01:11"]

1. e4 c5 2. d4 cxd4 3. c3 dxc3 4. Nxc3 Nc6 5. Nf3 e6 6. Bd3 a6 7. a4 d6 8. O-O b6 9. Qe2 Ra7 10. Rd1 Nb4 11. Bc4 Rd7 12. Bf4 Bb7 13. Rd2 Be7 14. Rad1 Nf6 15. Ng5 d5 16. exd5 exd5 17. Bb3 O-O 18. Nf3 Bc5 19. Ne5 Re7 20. Qf1 Rfe8 21. Nf3 Ne4 22. Nxe4 Rxe4 23. Bg3 Qf6 24. Ne1 a5 25. Nd3 Ba6 26. h3 Bxd3 27. Rxd3 Nxd3 28. Qxd3 Re1+ 29. Rxe1 Rxe1+ 30. Kh2 Bxf2 31. Qxd5 Bxg3+ 32. Kxg3 Re3+ 33. Kg4 h5+ 34. Qxh5 Rxb3 0-1

[Event "January 9 Early 2024"]
[Site "https://www.chess.com"]
[Date "2024.01.11"]
[Round "11"]
[White "Al-Tarboush, Ward"]
[Black "Balla, Tamas-Kristof"]
[Result "1-0"]
[Board "51"]
[TimeControl "180+1"]
[WhiteFideId "7601450"]
[BlackFideId "1208497"]
[WhiteElo "2615"]
[BlackElo "2465"]
[WhiteTeam "NOR"]
[BlackTeam "ROU"]
[WhiteClock "0:01:25"]
[BlackClock "0:00:06"]

1. e4 c5 2. Nf3 Nc6 3. d4 cxd4 4. Nxd4 e5 5. Nb5 d6 6. c4 Be7 7. N1c3 a6 8. Na3 f5 9. Bd3 f4 10. Nd5 Nh6 11. Nc2 O-O 12. Bd2 Be6 13. Qe2 Rc8 14. f3 Bh4+ 15. Kd1 Ne7 16. a4 Nxd5 17. cxd5 Bd7 18. Bc3 Qb6 19. a5 Qc5 20. Bb4 Qc7 21. Kd2 Bb5 22. Rhc1 Bxd3 23. Qxd3 Qd7 24. Na3 Be7 25. Rxc8 Rxc8 26. Rc1 Nf7 27. Rxc8+ Qxc8 28. Nc4 Bd8 29. Qc3 Qd7 30. h3 h6 31. b3 Kh7 32. Na3 Kg6 33. Qc4 Kh5 34. Bc3 Nh8 35. b4 Ng6 36. b5 axb5 37. Qxb5 Qc7 38. Qe8 Kg5 39. Nb5 Qb8 40. Qd7 Bf6 41. Qf5+ Kh4 42. Qg4# 1-0